 Dungeon Crawl Stone Soup version 0.29.1-12-g30fa7ad0bf (webtiles) character file.

Game seed: 7675977288615109407

36 retardedninja the Trooper (level 3, -4/33 HPs)
             Began as a Hill Orc Fighter on Dec 12, 2022.
             Killed from afar by Sigmund (8 damage)
             ... with a puff of flame
             ... on level 2 of the Dungeon.
             The game lasted 00:01:09 (994 turns).

retardedninja the Trooper (Hill Orc Fighter)         Turns: 994, Time: 00:01:09

Health: -4/33      AC:  8    Str: 20    XL:     3   Next: 37%
Magic:  3/3        EV:  9    Int:  8    God:
Gold:   95         SH:  4    Dex: 10    Spells: 2/2 levels left

rFire   . . .      SeeInvis .   a - +0 war axe
rCold   . . .      Faith    .   c - +0 buckler
rNeg    . . .      Spirit   .   b - +0 scale mail
rPois   .          Reflect  .   (no helmet)
rElec   .          Harm     .   (no cloak)
rCorr   .          Rampage  .   (no gloves)
Will    .....                   f - +0 pair of boots
Stlth   ..........              (no amulet)
HPRegen 0.11/turn               (no ring)
MPRegen 0.08/turn               (no ring)

@: mighty
A: no striking features
a: no special abilities


You were on level 2 of the Dungeon.
You visited 1 branch of the dungeon, and saw 2 of its levels.

You collected 95 gold pieces.

Inventory:

Hand Weapons
 a - a +0 war axe (weapon)
Armour
 b - a +0 scale mail (worn)
 c - a +0 buckler (worn)
 f - a +0 pair of boots (worn)
Scrolls
 e - a scroll of silence {unknown}
 i - 4 scrolls of identify {unknown}
Potions
 g - a potion of haste {unknown}
 h - a potion of attraction {unknown}
 j - a potion of curing {unknown}


   Skills:
 + Level 4.0 Fighting
 + Level 3.1 Axes
 + Level 3.8 Armour
 + Level 3.8 Shields


You had 2 spell levels left.
You didn't know any spells.
Your spell library contained the following spells:

 Spells                   Type           Power      Damage    Failure   Level
 Slow                     Hex            0%         N/A       85%         1
 Call Canine Familiar     Summ           0%         N/A       99%         3
 Confusing Touch          Hex            0%         N/A       99%         3
 Portal Projectile        Hex/Tloc       0%         N/A       99%         3
 Vampiric Draining        Necr           0%         2d6       99%         3
 Leda's Liquefaction      Hex/Erth       0%         N/A       100%        4


Dungeon Overview and Level Annotations

Branches:
Dungeon (2/15)

Altars:
Xom

Annotations:
D:2 Sigmund


Message History

There is a faded altar of an unknown god here.
You open the door.
There is an open door here.
You open the door.
There is an open door here.
Sigmund the Dreaded comes into view.
He is wielding a +0 scythe.
Sigmund moves out of view.
Sigmund is nearby!
Sigmund is nearby!
Sigmund mumbles some strange words.
Sigmund flickers and vanishes!
Deactivating autopickup; reactivate with Ctrl-A.
You feel very mighty all of a sudden. You block something's attack.
Found 17 gold pieces.
Something hits you.
You hear some strange, mumbled words.
A magic dart appears from out of thin air!
The magic dart hits you.
You barely miss something. Something hits you.
You miss something.
You hear some strange, mumbled words.
You are confused.
Found a potion of might.
Something hits you! Something hits you. Something hits you but does no damage.
You completely miss something.
You hear some strange, mumbled words.
A magic dart appears from out of thin air!
The magic dart hits you but does no damage.
Something completely misses you.
You feel less confused. Something hits you but does no damage.
Something hits you.
You barely miss something. Something hits you!
* * * LOW HITPOINT WARNING * * *
You slash something!
You hear some strange, mumbled words.
A puff of flame appears from out of thin air!
The puff of flame hits you!
You die...

#.#...++'++....#
#.....+++'+.#.#####
##..##.............
#.#######..###### #.#
#..# ###.#######..#####
#
#........^.......####.#
#......####...........#
.............#.{@.....#
#...........##.#.######
#............$.#.#
######.####.####.# .#
#. #.# .# #.# !.#
###### ### ......


There were no monsters in sight!

Vanquished Creatures
  A dart slug (D:1)
  4 bats (D:1)
  2 endoplasms (D:2)
  A giant cockroach (D:1)
  6 goblins
  6 hobgoblins (D:1)
  2 kobolds (D:2)
  2 quokkas (D:1)
  A ball python (D:2)
  A frilled lizard (D:1)
  3 rats
29 creatures vanquished.

Notes
Turn   | Place    | Note
-------+----------+-------------------------------------------
     0 | D:1      | retardedninja the Hill Orc Fighter began the quest for the
                  | Orb.
     0 | D:1      | Reached XP level 1. HP: 19/19 MP: 1/1
   141 | D:1      | Reached XP level 2. HP: 27/27 MP: 2/2
   648 | D:1      | Reached XP level 3. HP: 33/33 MP: 3/3
   838 | D:2      | Found a shimmering altar of Xom.
   931 | D:2      | Reached skill level 4 in Fighting
   964 | D:2      | Found a faded altar of an unknown god.
   975 | D:2      | Noticed Sigmund
   994 | D:2      | Killed from afar by Sigmund

Illustrated notes

Levels and vault maps discovered:
D:1:      wander_arrival_desolate, layout_loops_ring
D:2:      layout_loops_ring, hellmonk_ecumenical_altar_heavens_door,
          basic_altar, uniq_sigmund

Skill      XL: |  1  2  3 |
---------------+----------+-----
Axes           | 3 |  3.1
Fighting       | 4 |  4.0
Armour         | |  3.8
Shields        | |  3.8

Action                   || total
-------------------------++-------
Melee: War axe           ||    70
  Use: Potion            ||     1
Armor: Scale mail        ||    30
Dodge: Dodged            ||    25
Block: Buckler           ||     9
